[Event "*** Titled Tuesday 3|2 Blitz"]
[Site "Chess.com"]
[Date "2015.10.06"]
[Round "1"]
[White "Moltini"]
[Black "kpio91"]
[Result "0-1"]
[WhiteElo "2143"]
[BlackElo "2503"]
[TimeControl "180+2"]
[EndTime "11:01:42 PDT"]
[Termination "kpio91 won by resignation"]

1. d4 g6 2. c4 Bg7 3. Nf3 d6 4.
Nc3 e5 5. e3 Nc6 6. Be2 Nge7 7.
d5 Nb8 8. O-O O-O 9. e4 h6 10.
b4 Nd7 11. a4 a5 12. Ba3 f5 13. Nd2 axb4 14. Bxb4 Nf6 15. c5 fxe4 16. cxd6 cxd6 17. Ndxe4 Nf5 18. Nb5 Nxe4 0-1

[Event "*** Titled Tuesday 3|2 Blitz"]
[Site "Chess.com"]
[Date "2015.10.06"]
[Round "1"]
[White "kikydu96"]
[Black "Tal-Baronfew"]
[Result "0-1"]
[WhiteElo "2272"]
[BlackElo "2664"]
[TimeControl "180+2"]
[EndTime "11:02:44 PDT"]
[Termination "Tal-Baronfew won by resignation"]

1. e4 e5 2. Nf3 Nc6 3. Bc4 Bc5 4.
c3 Nf6 5. d3 a6 6. Bb3 Ba7 7. h3 h6 8. Nbd2 O-O 9. Nf1 d5 10.
Qe2 Be6 11. Ng3 Qd7 12. O-O dxe4 13. Bxe6 exf3 0-1

[Event "*** Titled Tuesday 3|2 Blitz"]
[Site "Chess.com"]
[Date "2015.10.06"]
[Round "1"]
[White "eugeniusjr"]
[Black "1stSecond"]
[Result "0-1"]
[WhiteElo "2002"]
[BlackElo "2391"]
[TimeControl "180+2"]
[EndTime "11:03:28 PDT"]
[Termination "1stSecond won by resignation"]

1. c4 Nf6 2. g3 g6 3. Bg2 Bg7 4. Nc3 O-O 5. e4 e5 6. Nge2 Nc6 7. O-O a6 8. d3 d6 9. h3 b5 10. cxb5 axb5 11. Nxb5 Ba6 12. Nbc3 Nb4 13. d4 exd4 14. Nd5 Nfxd5 15. exd5 Re8 16. Nxd4 Bxf1 17. Bxf1 Bxd4 18. Qxd4 Nc2 19. Qc3 Nxa1 20. b3 Rxa2 21. Bb2 Rxb2 22. Qxb2 Re1 0-1

[Event "*** Titled Tuesday 3|2 Blitz"]
[Site "Chess.com"]
[Date "2015.10.06"]
[Round "1"]
[White "AndreyOstrovskiy"]
[Black "FMCouch"]
[Result "0-1"]
[WhiteElo "2376"]
[BlackElo "2038"]
[TimeControl "180+2"]
[EndTime "11:04:13 PDT"]
[Termination "FMCouch won by resignation"]

1. e4 c5 2. Nf3 d6 3. d4 cxd4 4. Nxd4 Nf6 5. Nc3 a6 6. Bc4 e6 7. a4 Nbd7 8. O-O Nc5 9. Re1 Be7 10. b4 Ncd7 11. Bxe6 fxe6 12. Nxe6 Qb6 13. Nxg7+ Kf7 14. Nf5 Ne5 15. Nxe7 Kxe7 16. Bg5 Be6 17. Qd2 Raf8 18. Kh1 h6 19. Bxf6+ Rxf6 20. f4 Ng4 21. Re2 Rhf8 22. f5 Bc4 23. Nd5+ Bxd5 24. exd5+ Ne5 25. g4 Rg8 26. c4 Rxg4 27. c5 Qxb4 28. cxd6+ Kxd6 29. Qe3 Qd4 30. Qa3+ Kd7 31. Rae1 Qxd5+ 0-1

[Event "*** Titled Tuesday 3|2 Blitz"]
[Site "Chess.com"]
[Date "2015.10.06"]
[Round "1"]
[White "LyonBeast"]
[Black "3f32"]
[Result "1-0"]
[WhiteElo "2683"]
[BlackElo "2274"]
[TimeControl "180+2"]
[EndTime "11:04:15 PDT"]
[Termination "LyonBeast won by resignation"]

1. d4 Nf6 2. c4 e6 3. Nf3 b6 4.
Nc3 Bb4 5. Bg5 h6 6. Bh4 g5 7. Bg3 Ne4 8. Qc2 Bb7 9. e3 d6 10. Bd3 f5 11. O-O Bxc3 12. bxc3 Nd7 13. Nd2 Nxd2 14. Qxd2 Nf6 15. f3 Qe7 16. d5 O-O-O 17. Qc2 Kb8 18. dxe6 Qxe6 19. Rfe1 Rhe8 20. c5 dxc5 21.
Bxf5 Qe7 22. Bg6 Rf8 23. e4 Nd7 24. e5 Rg8 25. Bf5 Rge8 26. Rad1 Nf8 27. Rxd8+ Rxd8 28. e6 Rd7 29. exd7 1-0

[Event "*** Titled Tuesday 3|2 Blitz"]
[Site "Chess.com"]
[Date "2015.10.06"]
[Round "1"]
[White "Trendle"]
[Black "enen0315"]
[Result "1-0"]
[WhiteElo "2339"]
[BlackElo "1950"]
[TimeControl "180+2"]
[EndTime "11:04:43 PDT"]
[Termination "Trendle won by checkmate"]

1. e4 c5 2. Nc3 g6 3. f4 Bg7 4.
Nf3 Nc6 5. a3 e6 6. b4 cxb4 7.
axb4 Nge7 8. b5 Nb8 9. Ba3 O-O 10.
e5 a6 11. Bd6 Re8 12. Bd3 Nf5 13. Bxf5 gxf5 14. O-O Bf8 15. Bxf8 Rxf8 16. Ng5 f6 17. exf6 Qxf6 18. Ra3 h6 19. Nh3 d6 20. Qh5 Bd7 21. Ne2 Bxb5 22. Rg3+ Kh8 23. Rg6 Be8 24. Qxh6# 1-0

[Event "*** Titled Tuesday 3|2 Blitz"]
[Site "Chess.com"]
[Date "2015.10.06"]
[Round "1"]
[White "facu57"]
[Black "alturas_pacificas"]
[Result "1-0"]
[WhiteElo "2485"]
[BlackElo "2121"]
[TimeControl "180+2"]
[EndTime "11:04:47 PDT"]
[Termination "facu57 won by checkmate"]

1. e4 c6 2. d4 d5 3. Nc3 dxe4 4. Nxe4 Bf5 5. Ng3 Bg6 6. f4 h6 7. f5 Bh7 8. Bc4 Nf6 9. Nf3 Nbd7 10. c3 Nb6 11. Bb3 Nbd5 12. O-O e6 13. fxe6 fxe6 14. Ne5 Qc8 15. Nh5 Be7 16. Nxg7+ Kd8 17. Nf7+ Kc7 18.
Bxd5 cxd5 19. Bf4+ Kb6 20. Qb3+ Ka6 21. Nxh8 Qxh8 22.
Nxe6 b6 23. Be5 Be4 24. Bxf6 Bxf6 25. Qa4+ Kb7 26. Qd7+ Ka6 27. Nc7+ Ka5 28. Qb5# 1-0

[Event "*** Titled Tuesday 3|2 Blitz"]
[Site "Chess.com"]
[Date "2015.10.06"]
[Round "1"]
[White "promen1999"]
[Black "dretch"]
[Result "1-0"]
[WhiteElo "2302"]
[BlackElo "2552"]
[TimeControl "180+2"]
[EndTime "11:05:16 PDT"]
[Termination "promen1999 won by resignation"]

1. d4 d5 2. c4 c6 3. Nf3 Nf6 4. Nc3 dxc4 5. a4 e6 6. e4 Bb4 7. e5 Nd5 8. Bd2 b5 9. axb5 Bxc3 10. bxc3 cxb5 11. Ng5 O-O 12. Qh5 h6 13. h4 f6 14.
Ne4 fxe5 15. Bxh6 Nc6 16. Bxg7 Nf4 17. Qh8+ Kf7 18. Qxf8+ Qxf8 19. Bxf8 Kxf8 20. g3 Nd5 21. Nd6 Nxc3 22. Bg2 Nd5 23. dxe5 Rb8 24. h5 Nxe5 25. h6 Ng6 26. h7 Nh8 27. Rxa7 c3 28. Bxd5 exd5 29. Rh4 1-0

[Event "*** Titled Tuesday 3|2 Blitz"]
[Site "Chess.com"]
[Date "2015.10.06"]
[Round "1"]
[White "alexsuper1987"]
[Black "SenseiJulio"]
[Result "1/2-1/2"]
[WhiteElo "2209"]
[BlackElo "2520"]
[TimeControl "180+2"]
[EndTime "11:05:22 PDT"]
[Termination "Game drawn by repetition"]

1. e4 e6 2. d4 d5 3. Nc3 Nf6 4.
Bg5 dxe4 5. Nxe4 Be7 6. Bxf6 gxf6 7. Nf3 f5 8. Ned2 a6 9. g3 b5 10. Bg2 Bb7 11. a4 Nd7 12. Qe2 c5 13. O-O c4 14.
axb5 axb5 15. Ne5 Bxg2 16. Kxg2 Nb6 17. Qh5 O-O 18. Ndf3 Qd5 19. Kg1 f6 20. Ng6 hxg6 21.
Qxg6+ Kh8 22. Qh6+ Kg8 23. Qg6+ Kh8 24. Qh6+ Kg8 25.
Qg6+ Kh8 26. Qh6+ Kg8 1/2-1/2

[Event "*** Titled Tuesday 3|2 Blitz"]
[Site "Chess.com"]
[Date "2015.10.06"]
[Round "1"]
[White "Ginger_GM"]
[Black "AungTZ"]
[Result "1-0"]
[WhiteElo "2438"]
[BlackElo "2072"]
[TimeControl "180+2"]
[EndTime "11:05:28 PDT"]
[Termination "Ginger_GM won by resignation"]

1. d4 d5 2. c4 e6 3. Nc3 Nf6 4. Nf3 Be7 5. Bf4 O-O 6. e3 c5 7. dxc5 Bxc5 8. Qc2 Nc6 9. a3 a6 10. b4 Ba7 11. Rd1 Qe7 12. cxd5 exd5 13. Nxd5 Nxd5 14. Rxd5 Be6 15. Rd2 Rfc8 16. Qb2 f6 17. Be2 g5 18.
Bd6 Qf7 19. O-O Ne7 20. Nd4 Bxd4 21. Rxd4 Nf5 22. Rd2 Bd5 23. Bc5 Nh4 24. f3 Bc6 25. Rd6 Rf8 26. Bd4 Qe7 27. Bc5 Qg7 28. Bc4+ Kh8 29. Bd4 Qe7 30. Rxf6 1-0

[Event "*** Titled Tuesday 3|2 Blitz"]
[Site "Chess.com"]
[Date "2015.10.06"]
[Round "1"]
[White "Aygehovit1992"]
[Black "Rickstereo"]
[Result "1-0"]
[WhiteElo "2466"]
[BlackElo "2092"]
[TimeControl "180+2"]
[EndTime "11:05:29 PDT"]
[Termination "Aygehovit1992 won by resignation"]

1. e4 c5 2. Nf3 Nc6 3. Bb5 g6 4. Bxc6 dxc6 5. O-O Bg7 6. h3 Nf6 7. d3 O-O 8. Nc3 Nd7 9. Be3 e5 10. Nd2 Qe7 11. Re1 Re8 12. a4 Nf8 13. a5 Ne6 14. Na4 Nd4 15. c3 Ne6 16. Nb3 Rd8 17. Nbxc5 Nxc5 18. Bxc5 Qh4 19. Qf3 Be6 20. b4 Rd7 21. Nb2 a6 22.
Qg3 Qd8 23. Rad1 h5 24. Bb6 Qe7 25. Nc4 Bxc4 26. dxc4 Rxd1 27. Rxd1 Qe6 28. Qd3 Qf6 29. Be3 g5 30. Qd6 g4 31. Qxf6 Bxf6 32. hxg4 hxg4 33. Rd7 Rd8 34. Rxb7 Rd3 35. b5 axb5 36. a6 Rd1+ 37. Kh2 Ra1 38. a7 Kg7 39. Rb8 1-0

[Event "*** Titled Tuesday 3|2 Blitz"]
[Site "Chess.com"]
[Date "2015.10.06"]
[Round "1"]
[White "Dlugy"]
[Black "kesarev"]
[Result "1-0"]
[WhiteElo "2550"]
[BlackElo "2174"]
[TimeControl "180+2"]
[EndTime "11:05:31 PDT"]
[Termination "Dlugy won by resignation"]

1. d4 Nc6 2. Bf4 d5 3. e3 Bf5 4.
Nf3 e6 5. Be2 Bd6 6. Bg3 Nf6 7. c4 Bxg3 8. hxg3 O-O 9. Nc3 Ne7 10.
Rc1 c6 11. Nh4 Bg6 12. Qb3 Qb6 13. Qa3 Nf5 14. Nxg6 fxg6 15. g4 Nxe3 16. fxe3 Qc7 17. Rh3 h5 18. gxh5 gxh5 19. Kd2 e5 20. Rf1 exd4 21.
exd4 dxc4 22. Bxc4+ Kh7 23. Qc5 g6 24. Qg5 Qd6 25.
Qe5 Qd7 1-0

[Event "*** Titled Tuesday 3|2 Blitz"]
[Site "Chess.com"]
[Date "2015.10.06"]
[Round "1"]
[White "Zvonokchess"]
[Black "ItalianMachine"]
[Result "1-0"]
[WhiteElo "2555"]
[BlackElo "2201"]
[TimeControl "180+2"]
[EndTime "11:05:38 PDT"]
[Termination "Zvonokchess won by resignation"]

1. Nf3 e6 2. g3 d5 3. Bg2 Nf6 4.
O-O c5 5. c4 d4 6. e3 Nc6 7. exd4 cxd4 8. Re1 Be7 9. d3 O-O 10.
Ne5 Nxe5 11. Rxe5 Nd7 12. Re1 a5 13. Nd2 Nc5 14. Ne4 Nxe4 15. Bxe4 Rb8 16. Bf4 Bd6 17.
Bxd6 Qxd6 18. Qd2 b6 19. a3 Bb7 20. Bxb7 Rxb7 21. b4 Ra7 22. Qb2 Rfa8 23. b5 Rc7 24. Re4 Rd8 25. Rae1 Rc5 26. a4 Rf5 27. Kg2 Rc5 28.
Qe2 Kf8 29. Re5 Rxe5 30. Qxe5 Qxe5 31. Rxe5 f6 32. Rxe6 Rb8 33. Rd6 1-0

[Event "*** Titled Tuesday 3|2 Blitz"]
[Site "Chess.com"]
[Date "2015.10.06"]
[Round "1"]
[White "Rating-Schmating"]
[Black "Iball95"]
[Result "0-1"]
[WhiteElo "1992"]
[BlackElo "2347"]
[TimeControl "180+2"]
[EndTime "11:05:53 PDT"]
[Termination "Iball95 won by resignation"]

1. e4 c5 2. Nf3 Nc6 3. d4 cxd4 4.
Nxd4 g6 5. Nc3 Bg7 6. Be3 Nf6 7. f3 O-O 8. Qd2 d5 9. Nxc6 bxc6 10. exd5 Nxd5 11.
Nxd5 cxd5 12. c3 e5 13. Bc5 Re8 14. Bb5 Bd7 15. Bxd7 Qxd7 16. O-O Qc6 17. Ba3 Rad8 18. Rad1 h5 19. Kh1 Kh7 20. Rfe1 d4 21. cxd4 exd4 22. Rxe8 Rxe8 23. h3 a6 24. b3 Qb5 25. Qd3 Re1+ 26. Kh2 Qe5+ 27. g3 Re2+ 28. Kh1 Rxa2 29. Bb4 Qxg3 30.
Rd2 Qxh3+ 31. Kg1 Qg3+ 32. Kf1 Ra1+ 33. Rd1 Rxd1+ 34. Qxd1 h4 35. Be1 Qh3+ 36. Kg1 Be5 37. Qe2 Bg3 38. Bd2 d3 39. Qg2 Qxg2+ 40.
Kxg2 Kg7 41. Bc3+ Kf8 42. Kh3 Ke7 43. Kg4 Ke6 44. f4 Kd5 45. f5 gxf5+ 46. Kxf5 h3 47. Be5 Bxe5 0-1

[Event "*** Titled Tuesday 3|2 Blitz"]
[Site "Chess.com"]
[Date "2015.10.06"]
[Round "1"]
[White "FairChess_on_YouTube"]
[Black "kleinebeer98"]
[Result "1-0"]
[WhiteElo "2716"]
[BlackElo "2276"]
[TimeControl "180+2"]
[EndTime "11:06:22 PDT"]
[Termination "FairChess_on_YouTube won by resignation"]

1. e4 c5 2. Nf3 d6 3. Bb5+ Nc6 4.
O-O Bd7 5. Re1 Nf6 6. h3 a6 7. Bf1 g6 8. c3 Bg7 9. d4 cxd4 10. cxd4 d5 11. e5 Ne4 12. Nc3 Nxc3 13. bxc3 O-O 14.
Bf4 Rc8 15. Qd2 Na5 16. h4 h5 17. Bh6 Bg4 18. Bxg7 Kxg7 19. Ng5 Qc7 20. Rac1 b5 21. Qf4 Nb7 22. f3 Be6 23. Nxe6+ fxe6 24. Qg5 Rf5 25. Qg3 Nd8 26. Bd3 Nf7 27. Kh2 Kh7 28. Qf2 Nxe5 29.
dxe5 Rxe5 30. f4 Rxe1 31. Rxe1 Rf8 32. Qg3 Qxf4 33. Rxe6 1-0

[Event "*** Titled Tuesday 3|2 Blitz"]
[Site "Chess.com"]
[Date "2015.10.06"]
[Round "1"]
[White "HubertKnott"]
[Black "pKiLz5Rn9b"]
[Result "0-1"]
[WhiteElo "2023"]
[BlackElo "2396"]
[TimeControl "180+2"]
[EndTime "11:06:23 PDT"]
[Termination "pKiLz5Rn9b won by resignation"]

1. d4 e6 2. Nf3 Nf6 3. c4 b6 4. g3 Bb7 5. Bg2 Be7 6. O-O O-O 7. Nc3 d5 8. Ne5 Na6 9. a3 c5 10. e3 Ne4 11. Qc2 Nf6 12. Rd1 Re8 13. b3 Qc7 14.
Bb2 dxc4 15. Nxc4 Bxg2 16. Kxg2 Red8 17. dxc5 Nxc5 18. b4 Ncd7 19. Rac1 Qxc4 20. Qd3 Qxd3 21. Rxd3 Ne5 22. Rxd8+ Rxd8 23. Rc2 Nc4 24. Bc1 Nd6 25. f3 Rc8 26. e4 Nd7 27. Bb2 Ne5 28. f4 Nd3 29. Ba1 Ne1+ 30. Kf2 Nxc2 0-1

[Event "*** Titled Tuesday 3|2 Blitz"]
[Site "Chess.com"]
[Date "2015.10.06"]
[Round "1"]
[White "AleksandrNevski"]
[Black "Haridaskesavan"]
[Result "1-0"]
[WhiteElo "2422"]
[BlackElo "2052"]
[TimeControl "180+2"]
[EndTime "11:06:26 PDT"]
[Termination "AleksandrNevski won by resignation"]

1. c4 e5 2. g3 Nc6 3. Bg2 Nf6 4. Nc3 Bb4 5. Nd5 Bc5 6. e3 d6 7. Ne2 O-O 8. O-O Nxd5 9. cxd5 Ne7 10. d4 exd4 11.
Nxd4 Bb6 12. b3 Nf5 13. Bb2 Nxd4 14. Bxd4 Bf5 15. Rc1 Bxd4 16. Qxd4 a6 17. Rc3 Qd7 18. Rfc1 Rac8 19. Qa7 Bh3 20. Qxb7 Bxg2 21. Kxg2 h5 22.
h4 g5 23. Rc4 g4 24. Qxa6 Qf5 25.
Qc6 Ra8 26. Rf4 Qe5 27. a4 Rab8 28. b4 Qb2 29. Rcc4 Rfe8 30. Qxc7 Rf8 31. Qxd6 Rbe8 32.
Qf6 Rxe3 33. Qxb2 1-0

[Event "*** Titled Tuesday 3|2 Blitz"]
[Site "Chess.com"]
[Date "2015.10.06"]
[Round "1"]
[White "IMRosen"]
[Black "jefferyx"]
[Result "0-1"]
[WhiteElo "2193"]
[BlackElo "2556"]
[TimeControl "180+2"]
[EndTime "11:06:30 PDT"]
[Termination "jefferyx won by resignation"]

1. e4 a6 2. c4 e5 3. Nf3 Nc6 4. d4 exd4 5. Nxd4 Nf6 6. Nxc6 bxc6 7.
Bd3 Bc5 8. O-O d6 9. Qf3 Ng4 10. Qg3 h5 11. Be2 Qf6 12. Bxg4 hxg4 13. Nc3 Rb8 14. Rb1 Bd4 15. Bd2 Be5 16. f4 gxf3 17. Qxf3 Bxh2+ 18. Kf2 Bg3+ 19. Ke2 Qxf3+ 20. Rxf3 Bg4 21.
b3 Rh2 22. Rg1 Kd7 23. Ke3 Bxf3 24. Kxf3 Be5 25. Ne2 Re8 26. Be3 Re6 27. Nc1 Rf6+ 28. Ke2 Rg6 29. Kf3 Rg3+ 30. Kf2 Rh4 31. Ne2 Rg6 32. Nc1 Rxe4 33. Rh1 Rf6+ 34. Ke2 Bf4 35. Rh3 Rfe6 36. Kf3 Bxe3 0-1

[Event "*** Titled Tuesday 3|2 Blitz"]
[Site "Chess.com"]
[Date "2015.10.06"]
[Round "1"]
[White "StellarChessPro"]
[Black "Imre91"]
[Result "0-1"]
[WhiteElo "2234"]
[BlackElo "2579"]
[TimeControl "180+2"]
[EndTime "11:06:56 PDT"]
[Termination "Imre91 won by resignation"]

1. d4 d5 2. Nf3 c6 3. e3 Nf6 4. Bd3 g6 5. Ne5 Bg7 6. O-O O-O 7. Nd2 Nbd7 8. f4 c5 9. c3 b6 10. h3 Bb7 11. Qe2 Ne4 12. Nxe4 dxe4 13. Ba6 Qc8 14.
Bxb7 Qxb7 15. Nxd7 Qxd7 16. Bd2 Rfd8 17. Be1 Qa4 18. Bg3 e6 19. Bh2 Rd7 20. g4 f5 21.
gxf5 exf5 22. Rfd1 Rad8 23. Rd2 Bf6 24. Bg3 Kf7 25.
Kh2 h5 26. Qd1 Qb5 27. Qb3+ Qxb3 28. axb3 a5 29. Kg2 Ke6 30. Kf2 Rc8 31. Ke2 cxd4 32. cxd4 Kd5 33. Be1 Rdc7 34. Kd1 Be7 35. Rg2 Rc6 36.
Rb1 Bd8 37. Bc3 b5 38. Rc1 Be7 39. Bd2 Rxc1+ 40. Bxc1 Rc6 41. Bd2 a4 42. bxa4 bxa4 43. Bc3 a3 44. Kc2 Bb4 45. Kb3 axb2 46. Bxb2 Be1 47.
Re2 Ba5 48. Rg2 Bd8 49. Bc3 Be7 50. Kb2 Kc4 51. Kc2 Ra6 52. Bb2 Bb4 53. Re2 Ra2 54.
Rg2 Bc3 55. Kb1 Kb3 56. Rxg6 Rxb2+ 57. Kc1 Bd2+ 58. Kd1 Bxe3 59. Rb6+ Kc3 60. Rxb2 Kxb2 61. d5 Bxf4 0-1

[Event "*** Titled Tuesday 3|2 Blitz"]
[Site "Chess.com"]
[Date "2015.10.06"]
[Round "1"]
[White "Mornar1951"]
[Black "Quinten94"]
[Result "1-0"]
[WhiteElo "2622"]
[BlackElo "2251"]
[TimeControl "180+2"]
[EndTime "11:06:58 PDT"]
[Termination "Mornar1951 won by resignation"]

1. Nf3 d5 2. d4 Nf6 3. c4 c6 4. Nbd2 g6 5. e3 Bg7 6. Be2 O-O 7. O-O Bf5 8. b4 Ne4 9. Bb2 Nxd2 10. Qxd2 a5 11.
Bc3 axb4 12. Bxb4 Na6 13. cxd5 c5 14. Bxa6 Rxa6 15. Bxc5 Qxd5 16. Bxe7 Rfa8 17. a3 h6 18. Rac1 Re6 19. Bb4 Re4 20. Ne1 Rh4 21. f3 Re8 22. Qf2 g5 23. Bc5 b6 24. e4 Bxe4 25. fxe4 Rexe4 26. Bxb6 Qd6 27. Bc7 Qd7 28. Be5 1-0

[Event "*** Titled Tuesday 3|2 Blitz"]
[Site "Chess.com"]
[Date "2015.10.06"]
[Round "1"]
[White "Nutflush"]
[Black "Er_is_geen_hoop_meer"]
[Result "0-1"]
[WhiteElo "1946"]
[BlackElo "2339"]
[TimeControl "180+2"]
[EndTime "11:07:06 PDT"]
[Termination "Er_is_geen_hoop_meer won by resignation"]

1. e4 c5 2. c3 Nf6 3. e5 Nd5 4. d4 e6 5. Nf3 cxd4 6. cxd4 d6 7.
Bc4 Be7 8. O-O O-O 9. Qe2 b6 10. Nc3 Nxc3 11. bxc3 Bb7 12. Bd3 Nd7 13. Bf4 dxe5 14.
Nxe5 Rc8 15. Rac1 Nxe5 16. Bxe5 Bd6 17. Qh5 g6 18. Qe2 Bxe5 19. Qxe5 Qe7 20. Rfe1 Qa3 21. h4 Rxc3 22. Rxc3 Qxc3 23. Re3 Qc6 24. Rg3 Qc1+ 25. Kh2 Qh6 26. h5 Bd5 27. Rh3 Qg7 28.
Qf4 g5 29. Qe3 h6 30. Rg3 f5 31. f4 g4 32. Qd2 Qf6 33. Qe1 Qxd4 34. Qc1 Qf6 35.
Qc7 Qh4+ 0-1

[Event "*** Titled Tuesday 3|2 Blitz"]
[Site "Chess.com"]
[Date "2015.10.06"]
[Round "1"]
[White "BIG_Pirate"]
[Black "EltajSafarli"]
[Result "0-1"]
[WhiteElo "2275"]
[BlackElo "2699"]
[TimeControl "180+2"]
[EndTime "11:07:08 PDT"]
[Termination "EltajSafarli won by resignation"]

1. e4 c5 2. Nf3 e6 3. d4 cxd4 4.
Nxd4 Nf6 5. Nc3 Nc6 6. f4 Bb4 7. Nxc6 bxc6 8. Bd3 d5 9. e5 Nd7 10. Bd2 O-O 11. a3 Ba5 12. O-O Ba6 13. Bxa6 Qb6+ 14. Kh1 Qxa6 15. Ne2 Rab8 16. Bxa5 Qxa5 17. b4 Qc7 18. c3 c5 19. Qd3 a5 20. Rab1 Rfc8 21.
b5 a4 22. c4 dxc4 23. Qxc4 Nb6 24. Qc3 Nd5 25. Qg3 Qa5 26. f5 exf5 27. Rxf5 Rxb5 28.
Rbf1 Rb3 29. Qg5 Qd8 30. Qxd8+ Rxd8 31. Rxf7 Ne3 32. R1f3 h6 33. e6 Rb1+ 34. Ng1 Rdd1 35. h3 Rxg1+ 0-1

[Event "*** Titled Tuesday 3|2 Blitz"]
[Site "Chess.com"]
[Date "2015.10.06"]
[Round "1"]
[White "metalbattler"]
[Black "jup1978"]
[Result "0-1"]
[WhiteElo "1860"]
[BlackElo "2309"]
[TimeControl "180+2"]
[EndTime "11:07:10 PDT"]
[Termination "jup1978 won by resignation"]

1. e4 e5 2. Nf3 Nc6 3. d4 exd4 4. Bc4 Bc5 5. c3 d3 6. b4 Be7 7. O-O d6 8. Qxd3 Nf6 9. h3 Ne5 10. Nxe5 dxe5 11. Qg3 O-O 12. Qxe5 Bd6 13. Qg5 Nxe4 14. Qxd8 Rxd8 15. Be3 Be5 16. f4 Bf6 17. a3 Bd7 18. Bd5 Nd6 19. Bd4 Bxd4+ 20. cxd4 c6 21. Bf3 Nf5 22.
Rd1 Be6 23. d5 Bxd5 24. Bxd5 Rxd5 25. Rxd5 cxd5 26. Nc3 Rd8 27. Rd1 d4 28. Nb5 a6 29.
Nc7 Rd7 30. Na8 Rd6 31. Kf2 Ne3 32. Rd3 Nc4 33. Nc7 h5 34. g4 hxg4 35. hxg4 Nb2 36. Rd2 d3 37. Ne8 Rd8 38. Ke1 Nc4 0-1

[Event "*** Titled Tuesday 3|2 Blitz"]
[Site "Chess.com"]
[Date "2015.10.06"]
[Round "1"]
[White "jbj"]
[Black "ilmago"]
[Result "1-0"]
[WhiteElo "2293"]
[BlackElo "1859"]
[TimeControl "180+2"]
[EndTime "11:07:16 PDT"]
[Termination "jbj won by resignation"]

1. e4 c5 2. d4 cxd4 3. c3 dxc3 4. Nxc3 a6 5. Nf3 e6 6. Bc4 b5 7. Bb3 Bb7 8. O-O d6 9. Re1 Nd7 10. Bf4 Nc5 11. Bc2 Nf6 12. b4 Ncd7 13. Bxd6 Bxd6 14.
Qxd6 Rc8 15. Qd2 Qc7 16. Re3 O-O 17. h3 Nb6 18. Bb3 Rfd8 19. Qe1 Nc4 20. Bxc4 Qxc4 21. Rb1 Rd3 22. Rxd3 Qxd3 23. Rd1 Qc4 24. Rd4 Qc6 25.
e5 Ne8 26. Ne4 h6 27. Nc5 Ba8 28. Qd2 a5 29. a3 axb4 30. axb4 Kh7 31. Rd7 Rc7 32. Qd3+ g6 33. Rd4 Ng7 34. Rd6 Qe8 35.
Rd8 Qc6 36. Qd6 Rc8 37. Qxc6 1-0

[Event "*** Titled Tuesday 3|2 Blitz"]
[Site "Chess.com"]
[Date "2015.10.06"]
[Round "1"]
[White "GGuseinov"]
[Black "ruifeng"]
[Result "1-0"]
[WhiteElo "2501"]
[BlackElo "2128"]
[TimeControl "180+2"]
[EndTime "11:07:18 PDT"]
[Termination "GGuseinov won by resignation"]

1. e4 e6 2. Nf3 d5 3. Nc3 dxe4 4. Nxe4 b6 5. d4 Bb7 6. Bd3 Nd7 7. Qe2 Ngf6 8. Neg5 Be7 9. Nxf7 Kxf7 10. Ng5+ Ke8 11. Nxe6 Qb8 12. Nxg7+ Kd8 13. Bf4 Bxg2 14. Ne6+ Kc8 15.
Rg1 Bc6 16. Nxc7 Bd8 17. Ne6 Re8 18. Bxb8 Rxb8 19. Ba6+ Bb7 20. Qc4+ Nc5 21. dxc5 b5 22. Bxb7+ Rxb7 23. Qb3 Rbe7 24. O-O-O Rxe6 25. Qxb5 Bc7 26. Rg7 R6e7 27. Rxe7 Rxe7 28. c6 Bb6 29. Qf5+ 1-0

[Event "*** Titled Tuesday 3|2 Blitz"]
[Site "Chess.com"]
[Date "2015.10.06"]
[Round "1"]
[White "GregShahade"]
[Black "silverback96"]
[Result "1/2-1/2"]
[WhiteElo "2299"]
[BlackElo "1888"]
[TimeControl "180+2"]
[EndTime "11:07:20 PDT"]
[Termination "Game drawn by repetition"]

1. e4 e6 2. d4 d5 3. Nd2 Nf6 4. e5 Nfd7 5. c3 c5 6. Bd3 Nc6 7. Ne2 cxd4 8. cxd4 f6 9. exf6 Nxf6 10. O-O Bd6 11. Nf3 O-O 12. Bf4 Bxf4 13. Nxf4 Ne4 14. g3 g5 15. Nh5 Bd7 16. Ne5 Be8 17. Qg4 Nxd4 18. Bxe4 dxe4 19. Rad1 Bg6 20. Rxd4 Qxd4 21. Qxe6+ Kh8 22. Nxg6+ hxg6 23. Qxg6 e3 24. Qh6+ Kg8 25.
Qg6+ Kh8 26. Qh6+ Kg8 27. Qg6+ Kh8 28. Qh6+ 1/2-1/2

[Event "*** Titled Tuesday 3|2 Blitz"]
[Site "Chess.com"]
[Date "2015.10.06"]
[Round "1"]
[White "HustleStandard"]
[Black "talaicito"]
[Result "1-0"]
[WhiteElo "2356"]
[BlackElo "1991"]
[TimeControl "180+2"]
[EndTime "11:07:26 PDT"]
[Termination "HustleStandard won by resignation"]

1. d4 e6 2. Nf3 f5 3. c4 Nf6 4. Nc3 Bb4 5. g3 O-O 6. Bg2 Ne4 7. Bd2 Bxc3 8. Bxc3 Nxc3 9. bxc3 d6 10.
O-O Nc6 11. Qc2 e5 12. Rab1 Qe8 13. dxe5 dxe5 14. Rfd1 Na5 15. c5 f4 16. Qe4 Bf5 17.
Qd5+ Be6 18. Qxe5 fxg3 19. hxg3 Bxa2 20. Ra1 Bb3 21. Qxe8 Raxe8 22. Rd7 b6 23. Rxc7 Rxe2 24. Rxa7 Bd5 25. Nd4 Bxg2 26. Nxe2 Nb3 27. Kxg2 Nxa1 28. Rxa1 bxc5 29. Ra5 Re8 30. Nf4 Re5 31. Nd3 Rd5 32. Nxc5 h5 33. Ra8+ Kh7 34. Ne4 Rd3 35. Kf1 Kg6 36. Ke2 Rd7 37. Ke3 Re7 38. c4 Kf5 39. Rf8+ Ke5 40. c5 Kd5 41. Rf5+ Kc6 42. Rxh5 1-0

[Event "*** Titled Tuesday 3|2 Blitz"]
[Site "Chess.com"]
[Date "2015.10.06"]
[Round "1"]
[White "AlexanderL"]
[Black "Schemato"]
[Result "1-0"]
[WhiteElo "2541"]
[BlackElo "2186"]
[TimeControl "180+2"]
[EndTime "11:07:28 PDT"]
[Termination "AlexanderL won by resignation"]

1. d4 e6 2. c4 f5 3. Nc3 Nf6 4. e3 b6 5. Be2 Bb7 6. Bf3 Bxf3 7.
Qxf3 c6 8. Nge2 d5 9. Nf4 Qd7 10. b3 Bd6 11. Bb2 Na6 12. O-O Rc8 13. Rac1 O-O 14. Nd3 Ne4 15. Rfd1 Qe7 16. Rc2 Nb4 17. Nxb4 Bxb4 18. Ne2 Bd6 19. g3 Rfd8 20. Rdc1 dxc4 21. bxc4 c5 22. d5 exd5 23. Qxf5 dxc4 24. Rxc4 Nf6 25. Rh4 h6 26. e4 Re8 27. Bxf6 Qxf6 28. Qxf6 gxf6 29.
Rd1 Bf8 30. Rd7 Rcd8 31. Rxa7 Ra8 32. Rb7 Rxa2 33. Nf4 Rxe4 34. Rg4+ Kh8 35. Ng6+ Kg8 36. Rxe4 1-0

[Event "*** Titled Tuesday 3|2 Blitz"]
[Site "Chess.com"]
[Date "2015.10.06"]
[Round "1"]
[White "oggy1984"]
[Black "HansCoolNiemann"]
[Result "0-1"]
[WhiteElo "2401"]
[BlackElo "2056"]
[TimeControl "180+2"]
[EndTime "11:07:28 PDT"]
[Termination "HansCoolNiemann won on time"]

1. d4 Nf6 2. c4 g6 3. Nc3 d5 4. Nf3 Bg7 5. Bg5 Ne4 6. Bf4 Nxc3 7. bxc3 dxc4 8. e3 Be6 9. Ne5 O-O 10. Rb1 b6 11. Qf3 Bd5 12. e4 Be6 13. d5 Bc8 14.
Bxc4 Ba6 15. Bb3 Qd6 16. Qg3 g5 17. Qxg5 f6 18. Qg3 fxe5 19. Be3 Nd7 20. h4 Nc5 21.
Bxc5 bxc5 22. h5 h6 23. Rh4 Kh7 24. Rg4 Bf6 25. Rg6 Rg8 26. Bc2 Qd7 27. Rb3 Qe8 0-1

[Event "*** Titled Tuesday 3|2 Blitz"]
[Site "Chess.com"]
[Date "2015.10.06"]
[Round "1"]
[White "Arashy_CC"]
[Black "armago"]
[Result "0-1"]
[WhiteElo "2365"]
[BlackElo "2042"]
[TimeControl "180+2"]
[EndTime "11:07:28 PDT"]
[Termination "armago won by resignation"]

1. c4 Nf6 2. Nc3 g6 3. e4 d6 4.
d4 Bg7 5. Bg5 O-O 6. Qd2 Na6 7. Nf3 c5 8. d5 e6 9. Be2 Re8 10. O-O exd5 11. exd5 Nc7 12. a4 Na6 13. h3 Nb4 14. Bf4 a6 15. Rfe1 Bf5 16. Nh4 Ne4 17. Nxe4 Bxe4 18. Bf3 Nc2 19. Bxe4 Nxa1 20. Nf3 Nb3 21. Qc2 Nd4 22. Nxd4 Bxd4 23. Rd1 Qf6 24. Bg3 Be5 25. Kh2 Bxg3+ 26. fxg3 Re5 27. Bd3 Rae8 28. Rf1 Qe7 29. Qb3 Re3 30. Qd1 Qe5 31. Rf3 Rxf3 32. Qxf3 Qe3 33. Qf1 Qd2 34. b3 Re1 35. Qf3 Re3 36.
Qf6 Qxd3 37. Qxd6 Qd4 38. Qb8+ Kg7 39. d6 Qe5 0-1